 Dungeon Crawl Stone Soup version 0.16-a0-223-g37887f7 (console) character file.

258 Kellhus the Ruinous (level 5, -1/28 HPs)
             Began as a Deep Elf Wizard on Aug 20, 2014.
             Killed by divine providence
             ... invoked by an orc priest
              (12 damage)
             ... on Level 3 of the Dungeon.
             The game lasted 00:04:09 (3116 turns).

Kellhus the Ruinous (Deep Elf Wizard)               Turns: 3116, Time: 00:04:10

HP  -1/28        AC  2     Str  4      XL: 5   Next: 94%
MP  10/19        EV 12     Int 24      God:
Gold 105         SH  0     Dex 13      Spells:  3 memorised,  7 levels left

rFire  . . .     SeeInvis .     (no weapon)
rCold  . . .     Clarity  .     a - +0 robe
rNeg   . . .     rCorr    .     (no shield)
rPois  .         rRot     .     b - +0 hat
rElec  .         Spirit   .     (no cloak)
SustAb .         Warding  .     (no gloves)
rMut   .         Stasis   .     (no boots)
Gourm  .                        (no amulet)
MR     .....                    (no ring)
                                (no ring)

@: very slightly contaminated, slowed, very slow, not resistant to hostile
enchantments, unstealthy
A: no striking features
a: no special abilities


You were on level 3 of the Dungeon.
You were hungry.

You visited 1 branch of the dungeon, and saw 3 of its levels.

You collected 105 gold pieces.

Inventory:

Armour
 a - a +0 robe (worn)
 b - a +0 hat (worn)
Comestibles
 d - 3 bread rations
 f - a fruit
 m - 3 meat rations
 q - a beef jerky
Scrolls
 h - 7 scrolls of remove curse {unknown}
 i - 3 scrolls of amnesia {unknown}
 j - 3 scrolls of teleportation {unknown}
 k - a scroll of blinking {unknown}
 r - a scroll of immolation {unknown}
Potions
 e - 2 potions of cure mutation {unknown}
 g - a potion of cancellation {unknown}
 l - a potion of magic {unknown}
 n - 2 potions of might {unknown}
 o - a potion of curing {unknown}
 p - a potion of confusion {unknown}
Books
 c - a book of Minor Magic

   Spells                             Type                      Level
   *Magic Dart                        Conjuration                  1
   Blink                              Translocation                2
   Call Imp                           Summoning                    2
   Repel Missiles                     Charms/Air                   2
   Slow                               Hexes                        2
   *Conjure Flame                     Conjuration/Fire             3
   *Mephitic Cloud                    Conjuration/Poison/Air       3


   Skills:
 - Level 2.4 Dodging
 - Level 2.4 Stealth
 + Level 5.2 Spellcasting
 - Level 6.1 Conjurations
   Level 1.1 Summonings
   Level 1.1 Translocations


You had 7 spell levels left.
You knew the following spells:

 Your Spells              Type           Power        Failure   Level  Hunger
a - Magic Dart            Conj           ####         1%          1    None
b - Conjure Flame         Conj/Fire      ###.....     10%         3    ##.....
c - Mephitic Cloud        Conj/Pois/Air  ###.....     14%         3    ##.....


Dungeon Overview and Level Annotations

Branches:
Dungeon (3/15)

Altars:


Message History

The orc wizard blinks!
The orc wizard casts a spell at you. You resist.
The orc priest mumbles some strange prayers to Beogh against you.
Something smites you!
Found a lumpy green potion.
The orc wizard points at you and mumbles some strange words.
The magic dart hits you!
The orc wizard points at you and mumbles some strange words.
You feel yourself slow down.
Casting: Magic Dart
Confirm with . or Enter, or press ? or * to list all spells.
Aiming: Mephitic Cloud
Press: ? - help, Shift-Dir - straight line, f - orc
Aim: an orc, wielding a club You miscast Mephitic Cloud.
The air around you crackles with energy!
The orc priest mumbles some strange prayers to Beogh against you.
Something smites you!
You die...

#<###............###.
#####.##..##.##...%.(##..
.##........###.##......#...
...........####..)..)........
............#...##..(...%)..
..........................).
..........>.................
..<..............(......>..
.........@................
........Sr...o......##.##.
................#.[.#..###
.....................## #
.......r.o..........## #
!.........o.......(## .
......$#o.#....(.(###...
..#...#.)##....).....##
###..#...#......#####


You could see 2 orc priests, an orc wizard, an adder, an orc and 2 rats.

Vanquished Creatures
  Crazy Yiuf (D:2)
  2 orc wizards (D:3)
  3 gnolls (D:2)
  8 adders
  A giant mite (D:2)
  A giant gecko (D:1)
  7 orcs (D:3)
  4 bats
  A giant cockroach (D:2)
  9 goblins
  5 hobgoblins (D:1)
  8 jackals
  2 quokkas (D:3)
  2 giant newts
  7 kobolds
  3 rats
64 creatures vanquished.

Notes
Turn   | Place    | Note
--------------------------------------------------------------
     0 | D:1      | Kellhus, the Deep Elf Wizard, began the quest for the Orb.
     0 | D:1      | Reached XP level 1. HP: 10/10 MP: 6/6
   354 | D:1      | Reached XP level 2. HP: 15/15 MP: 7/9
  1147 | D:2      | Reached XP level 3. HP: 8/19 MP: 0/12
  1651 | D:2      | Reached XP level 4. HP: 21/24 MP: 5/15
  2216 | D:2      | Learned a level 3 spell: Conjure Flame
  2220 | D:2      | Learned a level 3 spell: Mephitic Cloud
  2220 | D:2      | Noticed Crazy Yiuf
  2228 | D:2      | Killed Crazy Yiuf
  2228 | D:2      | Reached skill level 5 in Conjurations
  2274 | D:2      | Reached XP level 5. HP: 28/28 MP: 12/18
  2974 | D:3      | Reached skill level 6 in Conjurations
  3110 | D:3      | Reached skill level 5 in Spellcasting
  3116 | D:3      | Killed from afar by an orc priest

Action                   |  1- 3 |  4- 6 || total
-------------------------+-------+-------++-------
Melee: Unarmed           |     1 |       ||     1
 Cast: Magic Dart        |    77 |   103 ||   180
       Mephitic Cloud    |       |     1 ||     1
  Eat: Chunk             |     2 |     4 ||     6
